AoeStats
← Clouder

Fortress

507551585Analyzed
4v4 RM · 14d ago on Sep 18, 2026· 39m 32s· 8 players
Game mode
Random Map
Map size
Huge
Population
200
Speed
Normal
Resources
Standard
Victory
Conquest
Starting age
Dark Age
Ending age
Imperial Age
RankedLock teamsTeams togetherTeam positionsShared explorationLock speedFull tech treeHidden civsTurbo modeCheats
Victory
Defeat
🇳🇱 Teutons · Netherlands
1005
+16
🇩🇪 Mongols · Germany
1000
+16
992
+16
🇬🇧 Georgians · United Kingdom
979
+17
🇵🇪 Persians · Peru
1020
-17
🇨🇦 Portuguese · Canada
1010
-17
🇦🇷 Poles · Argentina
982
-16
🇮🇳 Turks · India
975
-15
Romain, Conquérant par 3 côté
7:21 Feudal Age
9:17 Double-Bit Axe
13:40 Castle Age
13:34 Horse Collar
15:29 Loom
16:20 Wheelbarrow
15:32 Town Watch
15:48 Pikeman
18:07 Fletching
20:35 Scale Mail Armor
21:32 Squires
23:01 Padded Archer Armor
23:31 Bodkin Arrow
24:11 Ballistics
25:50 Chain Mail Armor
25:45 Forging
27:04 Gold Mining
27:22 Heavy Plow
27:33 Bow Saw
32:03 Imperial Age
35:57 Imperial Age
37:49 Capped Ram
39:43 Chemistry
Mahihan
7:12 Feudal Age
7:51 Double-Bit Axe
8:17 Horse Collar
12:18 Castle Age
10:55 Loom
13:48 Bow Saw
16:30 Heavy Plow
17:09 Wheelbarrow
16:21 Town Watch
18:02 Fletching
19:57 Padded Archer Armor
20:48 Bodkin Arrow
21:50 Hand Cart
24:19 Leather Archer Armor
24:10 Scale Barding Armor
24:42 Husbandry
24:52 Bloodlines
24:09 Light Cavalry
31:11 Imperial Age
29:56 Chain Barding Armor
30:14 Forging
31:07 Ballistics
31:00 Masonry
32:28 Iron Casting
31:56 Bracer
32:32 Iron Casting
33:04 Chemistry
31:40 Hussar
33:44 Conscription
34:56 Blast Furnace
34:54 Conscription
35:36 Siege Engineers
38:09 Elite Mangudai
The Rock
6:46 Feudal Age
11:41 Castle Age
10:15 Double-Bit Axe
10:53 Horse Collar
19:29 Bow Saw
21:25 Heavy Plow
27:25 Imperial Age
25:31 Wheelbarrow
25:04 Scale Barding Armor
26:03 Town Watch
26:33 Hand Cart
26:04 Loom
26:41 Chain Barding Armor
26:34 Forging
26:10 Treadmill Crane
27:42 Town Patrol
28:09 Forging
27:53 Guard Tower
28:31 Conscription
29:12 Crop Rotation
28:37 Gold Mining
28:42 Stone Mining
29:52 Ballistics
29:38 Fletching
30:25 Plate Barding Armor
30:26 Iron Casting
32:00 Husbandry
32:11 Bloodlines
31:46 Capped Ram
32:33 Siege Engineers
32:49 Siege Ram
32:59 Elite Monaspa
34:42 Blast Furnace
34:02 Aznauri Cavalry
34:08 Svan Towers
35:17 Keep
34:40 Bodkin Arrow
35:03 Fortified Wall
34:50 Murder Holes
34:41 Arrowslits
36:52 Bracer
37:50 Masonry
Blyad _Mann
0:28 Loom
7:35 Feudal Age
8:09 Horse Collar
8:15 Double-Bit Axe
8:22 Man-at-Arms
8:58 Gold Mining
14:58 Castle Age
13:18 Scale Mail Armor
13:46 Arson
14:09 Stone Mining
15:16 Pikeman
15:18 Long Swordsman
17:05 Forging
20:29 Squires
22:25 Gambesons
23:26 Pikeman
31:46 Iron Casting
31:26 Chain Mail Armor
34:24 Wheelbarrow
35:50 Bow Saw
35:47 Town Watch
36:20 Chain Mail Armor
35:55 Fletching
36:06 Padded Archer Armor
39:10 Imperial Age
39:52 Ballistics
BJL
8:03 Feudal Age
9:43 Double-Bit Axe
12:00 Castle Age
9:57 Loom
10:22 Horse Collar
10:35 Gold Mining
12:37 Wheelbarrow
11:54 Loom
12:55 Bow Saw
17:15 Hand Cart
26:10 Imperial Age
24:08 Fletching
25:15 Bodkin Arrow
26:11 Ballistics
26:40 Masonry
28:38 Chemistry
30:50 Conscription
32:02 Arquebus
34:00 Bombard Tower
34:46 Siege Engineers
36:04 Architecture
38:04 Bracer
Clouder
6:05 Loom
8:41 Feudal Age
9:09 Double-Bit Axe
9:09 Horse Collar
14:54 Castle Age
15:25 Gold Mining
18:38 Bow Saw
20:10 Stone Mining
20:48 Fletching
22:09 Town Watch
25:30 Padded Archer Armor
28:21 Imperial Age
26:29 Forging
27:20 Wheelbarrow
27:44 Scale Barding Armor
27:53 Bloodlines
28:09 Heavy Plow
29:05 Leather Archer Armor
30:47 Conscription
31:20 Husbandry
31:46 Chain Barding Armor
33:22 Fortified Wall
33:37 Ballistics
33:28 Fortified Wall
34:27 Scale Mail Armor
NEO
7:27 Feudal Age
7:35 Loom
8:44 Horse Collar
8:52 Double-Bit Axe
13:48 Castle Age
12:10 Gold Mining
12:46 Stone Mining
15:08 Wheelbarrow
15:02 Bow Saw
15:28 Town Watch
18:22 Hand Cart
21:46 Kamandaran
24:18 Heavy Plow
28:50 Imperial Age
27:58 Bloodlines
28:40 Gold Shaft Mining
28:31 Husbandry
29:29 Fletching
29:10 Cavalier
30:08 Forging
31:03 Crop Rotation
30:05 Pikeman
30:27 Light Cavalry
31:50 Capped Ram
33:34 Citadels
33:11 Hussar
36:44 Chemistry
36:24 Scale Barding Armor
36:41 Onager
39:41 Two-Man Saw
profe de geografia
5:04 Loom
8:35 Feudal Age
6:53 Loom
14:33 Castle Age
12:26 Double-Bit Axe
13:00 Town Watch
13:26 Horse Collar
14:36 Gold Mining
14:40 Stone Mining
15:31 Wheelbarrow
15:11 Arson
15:45 Forging
16:16 Scale Mail Armor
20:45 Heavy Plow
22:48 Treadmill Crane
23:54 Murder Holes
24:20 Ballistics
23:53 Fletching
28:24 Imperial Age
26:10 Hand Cart
27:25 Bow Saw
28:19 Town Patrol
28:29 Squires
28:54 Masonry
28:53 Bodkin Arrow
30:01 Conscription
31:07 Szlachta Privileges
32:58 Chemistry
32:15 Chain Mail Armor
33:43 Plate Mail Armor
34:25 Elite Obuch
36:23 Iron Casting
35:49 Bracer
39:01 Siege Engineers
Connection lost

Rejoining the realm…

Still unreachable

The connection could not be restored.

Session expired

The server has moved on; the page needs a fresh start.